 Dungeon Crawl Stone Soup version 0.26.1-11-gd32895ea62 (webtiles) character file.

Game seed: 9215526133468650055

3096 Zeld the Basher (level 9, -8/75 HPs)
             Began as a White Draconian Gladiator on June 13, 2021.
             Was an Initiate of Qazlal.
             Mangled by a two-headed ogre
             ... wielding a +0 giant spiked club
              (17 damage)
             ... on level 8 of the Dungeon.
             The game lasted 00:12:04 (13459 turns).

Zeld the Basher (White Draconian Gladiator)        Turns: 13459, Time: 00:12:04

Health: -8/75      AC: 14    Str: 19    XL:     9   Next: 59%
Magic:  9/9        EV: 13    Int:  8    God:    Qazlal [......]
Gold:   826        SH: 11    Dex: 14    Spells: 8/8 levels left

rFire    . . .     SeeInvis .   a - +0 flail
rCold    + . .     Faith    .   I - +2 kite shield {AC+3}
rNeg     . . .     Spirit   .   (armour unavailable)
rPois    .         Reflect  .   b - +0 hat
rElec    .         Harm     .   r - +0 cloak
rCorr    .         Rampage  .   y - +1 pair of gloves
Will     .....                  j - +0 pair of boots
Stlth    +.........             (no amulet)
HPRegen  0.22/turn              (no ring)
MPRegen  0.11/turn              (no ring)

@: no status effects
A: breathe frost, unfitting armour, cold resistance 1, cold-blooded, AC +7
a: Breathe Frost, Renounce Religion


You were on level 8 of the Dungeon.
You worshipped Qazlal.
Qazlal was noncommittal.
You visited 2 branches of the dungeon, and saw 9 of its levels.
You also visited: Bailey.

You collected 826 gold pieces.

Inventory:

Hand Weapons
 a - a +0 flail (weapon)
Missiles
 c - 2 throwing nets (quivered)
 d - 191 stones
 g - 8 javelins
 m - 52 poisoned darts
 J - 83 boomerangs
Armour
 b - a +0 hat (worn)
 j - a +0 pair of boots (worn)
 r - a +0 cloak (worn)
 y - a +1 pair of gloves (worn)
 I - a +2 kite shield of protection (worn)
Jewellery
 l - an uncursed ring of ice {unknown}
 v - an uncursed ring of positive energy {unknown}
 D - a cursed ring of attention {unknown}
 G - an uncursed ring of fire {unknown}
Wands
 q - a wand of paralysis (5)
 w - a wand of iceblast (24)
 B - a wand of flame (15)
Scrolls
 i - 5 scrolls of teleportation
 k - 6 scrolls of remove curse
 n - 2 scrolls of magic mapping
 u - 2 scrolls of enchant weapon
Potions
 h - 3 potions of might
 p - a potion of flight
 s - 3 potions of ambrosia {unknown}
 t - 9 potions of heal wounds
 z - 2 potions of lignification {unknown}
 C - a potion of degeneration {unknown}
 E - 2 potions of haste {unknown}
 K - 5 potions of magic {unknown}
 L - a potion of mutation {unknown}
 M - 2 potions of curing


   Skills:
 + Level 6.0 Fighting
 * Level 8.1 Maces & Flails
 * Level 7.0 Throwing
 + Level 5.4 Dodging
 * Level 3.8 Shields


You had 8 spell levels left.
You didn't know any spells.
Your spell library contained the following spells:

 Spells                   Type           Power        Failure   Level
 Apportation              Tloc           0%           88%         1
 Lesser Beckoning         Tloc           0%           99%         3
 Tukima's Dance           Hex            0%           99%         3
 Alistair's Intoxication  Tmut/Pois      0%           100%        5
 Invisibility             Hex            0%           100%        6


Dungeon Overview and Level Annotations

Branches:
Dungeon (8/15)             Temple (1/1) D:6          Bailey (visited)
   Lair: D:8-11

Altars:
Ashenzari
Cheibriados
Dithmenos
Elyvilon
Fedhas
Gozag
Hepliaklqana
Kikubaaqudgha
Makhleb
Nemelex Xobeh
Okawaru
Qazlal
Ru
Sif Muna
Trog
Uskayaw
Wu Jian
Xom
Yredelemnul
Zin
The Shining One


Innate Abilities, Weirdness & Mutations

You can breathe waves of freezing cold.
You can buffet flying creatures when you breathe cold.
Your icy white scales are hard. (AC +7)
You cannot fit into any form of body armour.
Your flesh is cold resistant. (rC+)
You are cold-blooded and may be slowed by cold attacks.


Message History

The two-headed ogre is moderately wounded.
The two-headed ogre struggles against the net.
The net rips apart, and the two-headed ogre comes free!
You block the two-headed ogre's attack. x2
You hit the two-headed ogre.
The two-headed ogre is moderately wounded.
You hit the two-headed ogre.
The two-headed ogre is moderately wounded.
The two-headed ogre hits you with a +0 giant spiked club!!
The two-headed ogre hits you with a +0 giant club!
You sock the two-headed ogre!
The two-headed ogre is heavily wounded.
The two-headed ogre hits you with a +0 giant spiked club!!
The two-headed ogre hits you with a +0 giant club!
* * * LOW HITPOINT WARNING * * *
You hit the two-headed ogre.
You tail-slap the two-headed ogre, but do no damage.
The two-headed ogre is severely wounded.
The two-headed ogre hits you with a +0 giant spiked club!
You die...

......#..#))≈≈≈≈≈≈≈≈≈≈≈≈≈
......##..)###.......###≈
.......<..≈# ######### ≈
#...##))..≈## ≈ #..
#..).≈.# ...##...)?.#
.........≈.##
.........≈(∩#
...##..@.≈.##
#......O.≈.# ...##....≈.#
.........≈## ......#..≈#
.#######.≈# ##≈≈ ....
..#.


You could see a two-headed ogre.

Vanquished Creatures
  Erica (D:7)
  An orc knight (Bailey)
  An orc warrior (D:8)
  A sky beast (D:5)
  2 ice beasts
  An ogre (D:4)
  A phantom (D:4)
  A centaur (D:6)
  2 bullfrogs (D:7)
  A wyvern skeleton (D:7)
  A scorpion (D:7)
  2 howler monkeys
  A quasit (D:7)
  2 hounds
  Crazy Yiuf (D:2)
  A bullfrog zombie (D:7)
  3 iguanas
  3 orc priests
  3 orc wizards
  Ijyb (D:4)
  A bullfrog skeleton (D:7)
  Jessica (D:2)
  3 worker ants
  A killer bee zombie (D:6)
  22 gnolls
  14 adders
  A shadow imp (D:5)
  2 white imps
  An ufetubus (D:5)
  2 oozes
  An adder skeleton (D:7)
  5 worms
  3 dart slugs
  9 leopard geckos
  17 orcs
  8 giant cockroaches
  12 goblins
  18 hobgoblins
  7 jackals (D:5)
  15 kobolds
  3 quokkas
  5 bats
  5 frilled lizards
  A leopard gecko zombie (D:5)
  A quokka skeleton (D:7)
  7 rats
195 creatures vanquished.

Vanquished Creatures (others)
  2 orcs (D:8)
2 creatures vanquished.

Grand Total: 197 creatures vanquished

Notes
Turn   | Place    | Note
-------+----------+-------------------------------------------
     0 | D:1      | Zeld the Draconian Gladiator began the quest for the Orb.
     0 | D:1      | Reached XP level 1. HP: 17/17 MP: 1/1
   162 | D:1      | Reached XP level 2. HP: 18/25 MP: 2/2
   496 | D:1      | You fall into a shaft and drop 1 floor!
   498 | D:2      | Noticed Jessica
   510 | D:2      | Killed Jessica
   511 | D:2      | Reached XP level 3. HP: 29/30 MP: 3/3
  1489 | D:2      | Reached XP level 4. HP: 10/37 MP: 4/4
  2527 | D:2      | Reached skill level 4 in Maces & Flails
  2630 | D:2      | Found a runed translucent door.
  2631 | D:2      | Noticed Crazy Yiuf
  2793 | D:2      | Killed Crazy Yiuf
  2904 | D:3      | Reached XP level 5. HP: 40/45 MP: 5/5
  4384 | D:3      | Reached XP level 6. HP: 51/51 MP: 6/6
  4422 | D:4      | Noticed Ijyb
  4448 | D:4      | Killed Ijyb
  4627 | D:4      | Reached skill level 5 in Maces & Flails
  4700 | D:4      | Found a burning altar of Makhleb.
  4703 | D:4      | Noticed a balrug
  4709 | D:4      | Noticed an orange demon
  4709 | D:4      | Noticed a smoke demon
  4778 | D:4      | Your scales start taking on an icy white colour.
  4778 | D:4      | Reached XP level 7. HP: 37/58 MP: 7/7
  4778 | D:4      | Gained mutation: Your flesh is cold resistant. (rC+) [White
                  | Draconian growth]
  5039 | D:4      | Found a hide-covered altar of Uskayaw.
  5332 | D:5      | Entered Level 5 of the Dungeon
  5337 | D:5      | Found a glowing silver altar of Zin.
  5923 | D:5      | You fall into a shaft and drop 2 floors!
  6123 | D:7      | Reached skill level 6 in Maces & Flails
  6123 | D:7      | Reached skill level 5 in Throwing
  6202 | D:7      | Reached XP level 8. HP: 38/67 MP: 8/8
  7224 | D:6      | Found a snail-covered altar of Cheibriados.
  8088 | D:6      | Reached skill level 5 in Fighting
  8181 | D:6      | Reached skill level 7 in Maces & Flails
  8456 | D:6      | Found a blossoming altar of Fedhas.
  8459 | D:6      | Found an opulent altar of Gozag.
  8802 | D:5      | Reached skill level 1 in Shields
  9415 | D:6      | Found a staircase to the Ecumenical Temple.
  9471 | Temple   | Entered the Ecumenical Temple
  9507 | Temple   | Became a worshipper of Qazlal Stormbringer
  9938 | D:8      | Found a flagged portal.
 10040 | Bailey   | Entered a bailey
 10411 | Bailey   | Reached * piety under Qazlal
 10603 | Bailey   | Noticed an orc knight
 11475 | Bailey   | Killed an orc knight
 11476 | Bailey   | Reached skill level 5 in Dodging
 11476 | Bailey   | Reached XP level 9. HP: 75/75 MP: 9/9
 11577 | D:8      | Identified a scroll of acquirement
 11883 | D:7      | Acquired 428 gold pieces
 12126 | D:8      | Noticed Erica
 13216 | D:7      | Killed Erica
 13217 | D:7      | Reached skill level 8 in Maces & Flails
 13448 | D:8      | Noticed a two-headed ogre
 13459 | D:8      | Mangled by a two-headed ogre

Illustrated notes

Levels and vault maps discovered:
D:1:      dpeg_arrival_solitude, layout_basic, serial_bayou_lagoon_a
D:2:      layout_rooms, uniq_crazy_yiuf_cottage, uniq_jessica
D:3:      minmay_chambers_of_threes, layout_loops_corners
D:4:      wander_river, layout_loops_ring, general_overflow_altar,
          makhleb_altar_promises_db, uniq_ijyb
D:5:      layout_basic, overflow_temple_1_default, grunt_ministairs_15
D:6:      layout_basic, slow_altar_1, grunt_temple_overflow_open,
          minmay_temple_entry_enclosed_plants
D:7:      layout_basic, minivault_24
D:8:      layout_cave_pools, lightli_bailey_entry_fortress, uniq_psyche,
          uniq_erica
Temple:   compressed_dpeg_circular_temple

Skill      XL: |  1  2  3  4  5  6  7  8  9 |
---------------+----------------------------+-----
Throwing       | 2 3 4 5 6 7 |  7.0
Dodging        | 3 4 5 |  5.4
Fighting       | 3 4 5 6 |  6.0
Maces & Flails | 4 5 6 7 8 |  8.1
Shields        | 2 3 |  3.8

Action                   |  1- 3 |  4- 6 |  7- 9 || total
-------------------------+-------+-------+-------++-------
Melee: Flail             |    92 |   211 |   448 ||   751
       Tailslap          |     4 |    28 |    45 ||    77
Throw: Throwing net      |       |     2 |     2 ||     4
 Abil: Breathe Frost     |       |       |    17 ||    17
Evoke: Wand              |       |       |     4 ||     4
  Use: Potion            |       |       |     1 ||     1
       Scroll            |       |       |    13 ||    13
 Stab: Held in net/web   |       |     1 |     1 ||     2
       Sleeping          |       |     1 |       ||     1
       Paralysed         |       |       |     5 ||     5
Armor: Skin              |    39 |    52 |   199 ||   290
Dodge: Dodged            |    76 |   145 |   334 ||   555
Block: Kite shield       |       |       |   169 ||   169
